 Dungeon Sprint DCSS version 0.30-a0-55-g90e3122c3a (webtiles) character file.

Game seed: 13506589288806908019

3233 rocky1 the Covert (level 10, -2/68 HPs)
             Began as a Kobold Brigand on Sept 10, 2022.
             Was the Champion of Dithmenos.
             Slain by a shadow wraith (12 damage)
             ... in the Dungeon (Sprint VII: "The Pits").
             The game lasted 00:10:05 (1300 turns).

rocky1 the Covert (Kobold Brigand)                  Turns: 1300, Time: 00:10:06

Health: -2/68      AC:  8    Str: 15    XL:     10   Next: 18%
Magic:  17/17      EV: 22    Int: 13    God:    Dithmenos [******]
Gold:   0          SH:  0    Dex: 20    Spells: 9/9 levels left

rFire   . . .      SeeInvis .    v - +2 rapier (drain)
rCold   . . .      Faith    .    (no shield)
rNeg    . . .      Spirit   .    w - +0 leather armour
rPois   .          Reflect  .    (no helmet)
rElec   .          Harm     .    c - +0 cloak
rCorr   .          Rampage  .    y - +0 pair of gloves
Will    .....      NoTele   +    x - +0 pair of boots Stlth ***+++++++
                                 (no amulet)
HPRegen 0.21/turn                a - +3 ring of strength
MPRegen 0.15/turn                p - +3 ring of strength

@: slowed, wreathed by umbra, very slow
A: small, no large weapons, nightstalker 3
a: Renounce Religion, Shadow Step, Shadow Form


You were in the Dungeon.
You worshipped Dithmenos.
Dithmenos was exalted by your worship.
You visited 1 branch

Inventory:

Hand Weapons
 l - a +0 short sword of venom
 o - a +1 long sword of holy wrath
 u - a +2 scimitar of holy wrath
 v - a +2 rapier of draining (weapon)
Missiles
 d - 9 poisoned darts (quivered)
 e - 9 curare-tipped darts
Armour
 c - a +0 cloak (worn)
 w - a +0 leather armour (worn)
 x - a +0 pair of boots (worn)
 y - a +0 pair of gloves (worn)
Jewellery
 a - a +3 ring of strength (left hand)
 p - a +3 ring of strength (right hand)
Wands
 k - a wand of roots (11)
Scrolls
 m - 5 scrolls of amnesia
 n - a scroll of summoning
Potions
 f - 6 potions of curing
 g - 4 potions of heal wounds
 h - a potion of haste
 i - 4 potions of magic
 j - a potion of berserk rage
 q - 2 potions of might
 r - a potion of brilliance
 s - a potion of resistance
 t - 2 potions of mutation


   Skills:
 + Level 10.4 Fighting
 + Level 12.5 Short Blades
 + Level 2.1 Throwing
 - Level 7.7 Armour
 - Level 11.2 Dodging
 + Level 14.1 Stealth
 - Level 10.0 Invocations


You had 9 spell levels left.
You didn't know any spells.
Your spell library was empty.

Dungeon Overview and Level Annotations

Branches:
Dungeon (1/1)

Altars:
Ashenzari
Cheibriados
Dithmenos
Elyvilon
Fedhas
Gozag
Hepliaklqana
Kikubaaqudgha
Makhleb
Nemelex Xobeh
Okawaru
Qazlal
Ru
Sif Muna
Trog
Uskayaw
Vehumet
Wu Jian
Xom
Yredelemnul
Zin
The Shining One
Jiyva
Lugonu


Innate Abilities, Weirdness & Mutations

You are small and have problems with some larger weapons.
You are completely attuned to the shadows.


Message History

You feel as though you will be slow longer.
Your +2 scimitar of holy wrath softly glows with a divine radiance!
u - a +2 scimitar of holy wrath (weapon)
Something closely misses you.
Unknown command.
You miss something. Something hits you!
You hit something but do no damage.
Your shadow closely misses something.
Something closely misses you. Something hits you!
You feel much better. Something hits you!
You emit a cloud of dark smoke.
Something misses you.
You hit something but do no damage. Something hits you!!
* * * LOW HITPOINT WARNING * * *
Something drains your vigour!
You feel as though you will be slow longer.
You slash something!
Your shadow hits something but does no damage.
Something hits you.
* * * LOW HITPOINT WARNING * * *
Something drains your vigour!
You feel as though you will be slow longer.
Something barely misses you.
You feel much better. Something hits you!
* * * LOW HITPOINT WARNING * * *
Something drains your vigour!
You feel as though you will be slow longer.
Something hits you.
* * * LOW HITPOINT WARNING * * *
Something drains your vigour!
You feel as though you will be slow longer.
Okay, then.
Okay, then.
Your +2 scimitar of holy wrath stops glowing.
You sense an unholy aura.
v - a +2 rapier of draining (weapon)
Something barely misses you.
Unknown command.
You hit something.
Your shadow hits something but does no damage.
Something hits you!
You die...

'#####''####
....##''#####
....##......#
....##.)....#
<...###....## ####
....# ##''## ###..+
....###....###§§§.##+##
....##......#.§§§##§..#
######......'.§§@{Y§...
######......#.§§§##§..#
....###..[.###.§§§##+##
.[[.# ##''## ###..+
..).# #....# ####
..))##......#
...)##......#
#############


You could see an elephant.

Vanquished Creatures
  A death yak (D)
  Sonja (D)
  A demonic crawler (D)
  A guardian mummy (D)
  A snapping turtle (D)
  A ynoxinul (D)
  Eustachio (D)
  A fire bat (D)
  A swamp drake (D)
  A black bear (D)
  An ogre (D)
  A kobold brigand (D)
  Blork the orc (D)
  A necrophage (D)
  3 wights (D)
  6 killer bees (D)
  2 crimson imps (D)
  A gnoll bouda (D)
  Ijyb (D)
  5 gnolls (D)
  An adder skeleton (D)
  A worm (D)
  2 ball pythons (D)
  A goblin (D)
  A hobgoblin (D)
  2 jackals (D)
  A quokka (D)
  A ball python zombie (D)
  2 kobolds (D)
44 creatures vanquished.

Notes
Turn   | Place    | Note
-------+----------+-------------------------------------------
     0 | D        | rocky1 the Kobold Brigand began the quest for the Orb.
     0 | D        | Reached XP level 1. HP: 12/12 MP: 1/1
    18 | D        | Found a bloodstained altar of Trog.
    18 | D        | Found a shimmering blue altar of Sif Muna.
    18 | D        | Found a viscous altar of Jiyva.
    18 | D        | Found a hazy altar of Hepliaklqana.
    18 | D        | Found an opulent altar of Gozag.
    19 | D        | Found a glowing golden altar of the Shining One.
    19 | D        | Found a glowing silver altar of Zin.
    19 | D        | Found a sacrificial altar of Ru.
    19 | D        | Found a stormy altar of Qazlal.
    19 | D        | Found a blossoming altar of Fedhas.
    22 | D        | Found an iron altar of Okawaru.
    22 | D        | Found a basalt altar of Yredelemnul.
    22 | D        | Found a white marble altar of Elyvilon.
    23 | D        | Found a sparkling altar of Nemelex Xobeh.
    23 | D        | Found a shimmering altar of Xom.
    23 | D        | Found a shadowy altar of Dithmenos.
    24 | D        | Found a burning altar of Makhleb.
    24 | D        | Found an ornate altar of the Wu Jian Council.
    24 | D        | Found a snail-covered altar of Cheibriados.
    25 | D        | Found a corrupted altar of Lugonu.
    25 | D        | Found a radiant altar of Vehumet.
    26 | D        | Found an ancient bone altar of Kikubaaqudgha.
    26 | D        | Found a hide-covered altar of Uskayaw.
    26 | D        | Found a broken altar of Ashenzari.
    39 | D        | Became a worshipper of Dithmenos the Shadowed
    89 | D        | Reached skill level 1 in Armour
    89 | D        | Reached XP level 2. HP: 14/18 MP: 2/2
   150 | D        | Reached * piety under Dithmenos
   154 | D        | Reached skill level 6 in Stealth
   155 | D        | Reached ** piety under Dithmenos
   190 | D        | Noticed a necrophage
   221 | D        | Killed a necrophage
   222 | D        | Reached skill level 5 in Short Blades
   222 | D        | Reached skill level 7 in Stealth
   222 | D        | Reached XP level 3. HP: 24/24 MP: 2/4
   222 | D        | Reached XP level 4. HP: 29/29 MP: 2/5
   237 | D        | Reached *** piety under Dithmenos
   281 | D        | Noticed a fire bat
   283 | D        | Noticed Blork the orc
   283 | D        | Noticed a black bear
   284 | D        | Noticed an ogre
   293 | D        | Killed a fire bat
   294 | D        | Reached skill level 5 in Fighting
   294 | D        | Reached skill level 5 in Dodging
   294 | D        | Reached skill level 8 in Stealth
   294 | D        | Reached XP level 5. HP: 31/36 MP: 6/8
   294 | D        | Reached XP level 6. HP: 35/41 MP: 6/9
   295 | D        | Killed a black bear
   296 | D        | Reached skill level 9 in Stealth
   297 | D        | Killed Blork the orc
   298 | D        | Reached skill level 5 in Invocations
   299 | D        | Reached **** piety under Dithmenos
   303 | D        | Reached XP level 7. HP: 41/47 MP: 6/11
   308 | D        | Reached skill level 10 in Stealth
   317 | D        | Reached ***** piety under Dithmenos
   431 | D        | Reached skill level 5 in Armour
   432 | D        | Noticed a death yak
   434 | D        | Killed a death yak
   435 | D        | Reached skill level 10 in Short Blades
   435 | D        | Reached skill level 11 in Stealth
   435 | D        | Reached XP level 8. HP: 55/55 MP: 11/13
   460 | D        | Reached skill level 12 in Stealth
   470 | D        | Noticed a ynoxinul
   471 | D        | Noticed Ijyb
   471 | D        | Noticed Sonja
   474 | D        | Killed a ynoxinul
   475 | D        | Reached XP level 9. HP: 60/60 MP: 15/15
   478 | D        | Killed Sonja
   479 | D        | Reached skill level 10 in Dodging
   481 | D        | Killed Ijyb
   481 | D        | Reached ****** piety under Dithmenos
   731 | D        | Reached skill level 13 in Stealth
   964 | D        | Noticed a snapping turtle
   964 | D        | Noticed Eustachio
   992 | D        | Killed a snapping turtle
   993 | D        | Reached skill level 10 in Fighting
  1048 | D        | Killed Eustachio
  1069 | D        | Noticed a guardian mummy
  1086 | D        | Killed a guardian mummy
  1087 | D        | Reached XP level 10. HP: 30/68 MP: 17/17
  1270 | D        | Noticed a demonic crawler
  1274 | D        | Killed a demonic crawler
  1275 | D        | Reached skill level 14 in Stealth
  1278 | D        | Reached skill level 10 in Invocations
  1282 | D        | Noticed an elephant
  1300 | D        | Slain by a shadow wraith

Illustrated notes

Levels and vault maps discovered:
D:        pitsprint [storerooms_1, entrance_room_1, metal_vault_2, armoury_3,
          mini_pit_1, grid_room_1, main_hall_1, silver_pit, the_coven_1,
          the_vestibule_1, steel_vault_3, golden_pit, hallway_of_sentries,
          crystal_vault_4, iron_vault_2, final_vault]

Skill      XL: |  1  2  3  4  5  6  7  8  9 10 |
---------------+-------------------------------+-----
Short Blades   | 3 5 6 8 10 12 | 12.5
Dodging        | 2 3 5 6 8 9 10 11 | 11.2
Armour         | 1 2 3 4 5 6 7 |  7.7
Fighting       | 4 5 6 8 10 | 10.4
Stealth        | 7 8 9 11 12 13 14 | 14.1
Invocations    | 2 4 5 7 8 9 10 | 10.0
Throwing       | |  2.1

Action                   |  1- 3 |  4- 6 |  7- 9 | 10-12 || total
-------------------------+-------+-------+-------+-------++-------
Melee: Dagger            |    23 |    21 |    41 |       ||    85
       Rapier            |       |       |    67 |     9 ||    76
       Scimitar          |       |       |       |     4 ||     4
  Use: Potion            |       |     4 |     3 |     2 ||     9
       Scroll            |       |     1 |       |       ||     1
 Stab: Sleeping          |     4 |     1 |     5 |     2 ||    12
       Invisible         |       |     2 |     5 |       ||     7
Armor: Robe              |     1 |     2 |     4 |       ||     7
Dodge: Dodged            |    17 |    18 |   102 |     6 ||   143

Table legend: (Time is in decaauts)
 A = Elapsed time spent in this place.
 B = Non-inter-level travel time spent in this place.
 C = Inter-level travel time spent in this place.
 D = Time resting spent in this place.
 E = Time spent auto-exploring this place.
 F = Levels seen in this place.
 G = Mean time per level.
                   A        B        C        D        E       F      G
               +--------+--------+--------+--------+--------+-----+--------+
         Total |   1263 |   1198 |     65 |    675 |      0 |   1 | 1263.0 |
       Dungeon |   1263 |   1198 |     65 |    675 |      0 |   1 | 1263.0 |
               +--------+--------+--------+--------+--------+-----+--------+

Top non-repeatable levels by time:
       D: 1263 daAuts
